 Dungeon Crawl Stone Soup version 0.29-a0-1052-g6990b1bffc (webtiles) character file.

Game seed: 12290793673089638556

565 vineage the Trooper (level 7, -8/46 HPs)
             Began as a Gargoyle Fighter on Aug 17, 2022.
             Killed by divine providence
             ... invoked by an orc priest
              (12 damage)
             ... on level 4 of the Dungeon.
             The game lasted 00:05:27 (4688 turns).

vineage the Trooper (Gargoyle Fighter)              Turns: 4688, Time: 00:05:28

Health: -8/46      AC: 14    Str: 22    XL:     7   Next: 32%
Magic:  0/7        EV:  9    Int:  8    God:
Gold:   146        SH:  4    Dex:  9    Spells: 6/6 levels left

rFire   . . .      SeeInvis .   a - +0 flail
rCold   . . .      Faith    .   c - +0 buckler
rNeg    + . .      Spirit   +   b - +0 scale mail
rPois   ∞          Reflect  .   (no helmet)
rElec   +          Harm     .   q - +1 cloak {rPois}
rCorr   .          Rampage  .   (no gloves)
Will    .....                   (no boots)
Stlth   ..........              m - amulet of guardian spirit
HPRegen 0.15/turn               (no ring)
MPRegen 0.10/turn               (no ring)

@: no status effects
A: sickness immunity, AC +4, negative energy resistance 1, electricity
resistance, torment resistance 1, petrification resistance
a: no special abilities


You were on level 4 of the Dungeon.
You visited 1 branch of the dungeon, and saw 4 of its levels.

You collected 146 gold pieces.

Inventory:

Hand Weapons
 a - a +0 flail (weapon)
Armour
 b - a +0 scale mail (worn)
 c - a +0 buckler (worn)
 q - a +1 cloak of poison resistance (worn)
Jewellery
 d - a ring of wizardry
 m - an amulet of guardian spirit (around neck)
Scrolls
 f - a scroll of identify
 k - a scroll of immolation
Potions
 e - 3 potions of cancellation
 h - 5 potions of degeneration
 i - a potion of brilliance
 n - a potion of haste


   Skills:
 * Level 6.1 Fighting
 + Level 3.9 Maces & Flails
 + Level 4.9 Armour
 + Level 5.0 Shields


You had 6 spell levels left.
You didn't know any spells.
Your spell library contained the following spells:

 Spells                   Type           Power      Damage    Failure   Level
 Magic Dart               Conj           0%         1d3       80%         1
 Call Imp                 Summ           0%         N/A       91%         2
 Call Canine Familiar     Summ           0%         N/A       99%         3
 Mephitic Cloud           Conj/Pois/Air  0%         N/A       99%         3
 Portal Projectile        Hex/Tloc       0%         N/A       99%         3
 Leda's Liquefaction      Hex/Erth       0%         N/A       100%        4


Dungeon Overview and Level Annotations

Branches:
Dungeon (4/15)
 Temple: D:4-7

Altars:
Yredelemnul


Innate Abilities, Weirdness & Mutations

You are immune to sickness and miasma.
Your stone body is resilient. (AC +4)
You are immune to poison.
You resist negative energy. (rN+)
You are resistant to electric shocks. (rElec)
You are resistant to unholy torment.
You are immune to petrification.


Message History

You are too injured to fight recklessly!
You are too injured to fight recklessly!
You are too injured to fight recklessly!
You are too injured to fight recklessly!
You are too injured to fight recklessly!
You are too injured to fight recklessly!
You are too injured to fight recklessly!
You are too injured to fight recklessly!
You are too injured to fight recklessly!
You are too injured to fight recklessly!
You are too injured to fight recklessly!
You are too injured to fight recklessly!
You closely miss the orc priest.
The orc wizard hits you but does no damage.
The orc priest barely misses you. The orc hits you but does no damage.
The orc hits you with a +0 hand axe.
The orc priest hits you but does no damage.
You block the orc wizard's attack.
You closely miss the orc priest. The orc wizard casts a spell at you.
The magic dart hits you. The orc completely misses you.
The orc priest hits you but does no damage.
You hit the orc priest.
The orc priest is lightly wounded.
The orc wizard hits you but does no damage.
The orc barely misses you.
The orc priest invokes the aid of Beogh against you.
Beogh smites you!
* * * LOW HITPOINT WARNING * * *
You thump the orc priest!
The orc priest is almost dead.
You block the orc wizard's attack. You block the orc's attack.
The orc priest hits you with a +0 short sword.
* * * LOW HITPOINT WARNING * * *
You barely miss the orc priest.
The orc priest is almost dead.
You block the orc wizard's attack. You block the orc's attack.
The orc priest invokes the aid of Beogh against you.
Beogh smites you!
You die...

#### ########.#
#...##........#
.....#...)....#
..!...........#
............#
..........# #oo......#
.. ...##o@.## #.#
.......|..## ...#.
.####..##..## .....
....####..###.....
....>..............
..>.................
..###............... .
.. #.........##....
.......................#
...


You could see an orc priest, an orc wizard and an orc.

Vanquished Creatures
  The ghost of Finra the Cudgeller, an amateur GrFi (D:3)
  A phantom (D:3)
  2 hounds (D:3)
  A jelly (D:4)
  An orc priest (D:3)
  Crazy Yiuf (D:3)
  2 iguanas
  2 orc wizards (D:3)
  A hound zombie (D:3)
  4 adders
  A white imp (D:3)
  An adder zombie (D:3)
  A dart slug (D:3)
  8 orcs
  4 bats
  6 endoplasms
  4 giant cockroaches (D:1)
  6 goblins
  10 hobgoblins
  9 jackals
  13 kobolds
  4 quokkas
  6 ball pythons
  7 frilled lizards
  8 rats
104 creatures vanquished.

Notes
Turn   | Place    | Note
-------+----------+-------------------------------------------
     0 | D:1      | vineage the Gargoyle Fighter began the quest for the Orb.
     0 | D:1      | Reached XP level 1. HP: 14/14 MP: 1/1
   160 | D:1      | Reached XP level 2. HP: 9/19 MP: 2/2
   657 | D:1      | Reached XP level 3. HP: 24/24 MP: 3/3
  1040 | D:1      | Reached skill level 4 in Fighting
  1343 | D:2      | Reached XP level 4. HP: 22/29 MP: 4/4
  2125 | D:3      | Found a runed translucent gate.
  2127 | D:3      | Found a runed translucent gate.
  2128 | D:3      | Noticed Finra's ghost (amateur GrFi)
  2129 | D:3      | Found a runed translucent gate.
  2250 | D:3      | Reached XP level 5. HP: 21/34 MP: 5/5
  2461 | D:3      | Found a runed translucent door.
  2462 | D:3      | Noticed Crazy Yiuf
  2471 | D:3      | Killed Crazy Yiuf
  2572 | D:3      | Reached skill level 5 in Fighting
  2836 | D:3      | Reached XP level 6. HP: 33/40 MP: 3/6
  3046 | D:3      | Found a basalt altar of Yredelemnul.
  3465 | D:3      | Killed Finra's ghost
  4089 | D:4      | Reached XP level 7. HP: 39/45 MP: 5/7
  4521 | D:3      | Reached skill level 6 in Fighting
  4525 | D:3      | Reached skill level 5 in Shields
  4688 | D:4      | Killed from afar by an orc priest

Illustrated notes

Levels and vault maps discovered:
D:1:      evilmike_arrival_crescent, layout_loops_ring
D:2:      layout_basic
D:3:      layout_loops_ring, lemuel_zombie_altar_yredelemnul,
          gammafunk_ghost_split, hangedman_decor_opposing,
          minmay_misc_feat_rugged, minmay_bisected, uniq_crazy_yiuf_cottage
D:4:      layout_rooms, nicolae_qazlal_scattered_showers,
          mainiacjoe_overflow_swirl, uniq_ijyb

Skill      XL: |  1  2  3  4  5  6  7 |
---------------+----------------------+-----
Fighting       | 4 5 6 |  6.1
Armour         | 4 |  4.9
Shields        | 4 5 |  5.0
Maces & Flails | 3 |  3.9

Action                   |  1- 3 |  4- 6 |  7- 9 || total
-------------------------+-------+-------+-------++-------
Melee: Flail             |   131 |   236 |    78 ||   445
  Use: Scroll            |     6 |     6 |       ||    12
       Potion            |       |     4 |     1 ||     5
Armor: Scale mail        |    53 |   209 |    74 ||   336
Dodge: Dodged            |    75 |   158 |    67 ||   300
Block: Buckler           |    27 |    74 |    31 ||   132

Table legend: (Time is in decaauts)
 A = Elapsed time spent in this place.
 B = Non-inter-level travel time spent in this place.
 C = Inter-level travel time spent in this place.
 D = Time resting spent in this place.
 E = Time spent auto-exploring this place.
 F = Levels seen in this place.
 G = Mean time per level.
                   A        B        C        D        E       F      G
               +--------+--------+--------+--------+--------+-----+--------+
         Total |   4803 |   4719 |     84 |    614 |   3153 |   4 | 1200.8 |
       Dungeon |   4803 |   4719 |     84 |    614 |   3153 |   4 | 1200.8 |
               +--------+--------+--------+--------+--------+-----+--------+

Top non-repeatable levels by time:
     D:3: 2197 daAuts
     D:1: 1215 daAuts
     D:2: 941 daAuts
     D:4: 448 daAuts
